 Dungeon Crawl Stone Soup version 0.20.1-1-g8b1a95d (webtiles) character file.

307 Internecine the Bolt Thrower (level 6, -10/52 HPs)
             Began as a Draconian Hunter on Oct 4, 2017.
             Shot with an arrow by a centaur (16 damage)
             ... on level 5 of the Dungeon.
             The game lasted 00:28:59 (3505 turns).

Internecine the Bolt Thrower (Draconian Hunter)     Turns: 3505, Time: 00:28:59

Health: -10/52     AC:  7    Str: 14    XL:     6   Next: 16%
Magic:  6/6        EV: 12    Int: 14    God:
Gold:   199        SH:  0    Dex: 13    Spells: 5/5 levels left

rFire    . . .     SeeInvis .   c - +0 flail (holy)
rCold    . . .     Gourm    .   (no shield)
rNeg     . . .     Faith    .   (armour unavailable)
rPois    .         Spirit   .   (helmet restricted)
rElec    +         Reflect  .   (no cloak)
rCorr    .         Harm     .   (no gloves)
MR       .....                  l - +0 pair of boots
Stlth    +++.......             (no amulet)
Regen    0.2/turn               (no ring)
MPRegen  0.1/turn               (no ring)

@: no status effects
A: unfitting armour, fangs 1, camouflage 1, clever 1, electricity resistance,
cold-blooded, AC +6
a: no special abilities


You were on level 5 of the Dungeon.
You were very hungry.

You visited 1 branch of the dungeon, and saw 5 of its levels.

You collected 199 gold pieces.

Inventory:

Hand Weapons
 a - a +1 hand crossbow
 b - a +0 short sword
 c - a +0 flail of holy wrath (weapon)
 r - a +0 hunting sling
 E - a +0 quarterstaff
Missiles
 h - 2 bolts
 j - 147 stones (quivered)
 m - 55 arrows
 p - 38 poisoned needles
Armour
 l - a +0 pair of boots (worn)
Wands
 A - a wand of confusion (25/48)
Scrolls
 e - a scroll of teleportation
 i - 2 scrolls of recharging {unknown}
 n - 2 scrolls of magic mapping {unknown}
 o - 3 scrolls of remove curse
 w - 3 scrolls of enchant armour
 x - a scroll of blinking {unknown}
 z - a scroll of fog {unknown}
 C - a scroll of fear {unknown}
Potions
 q - a potion of brilliance {unknown}
 s - 3 potions of flight
 t - a potion of cancellation {unknown}
 u - a potion of mutation
 v - a potion of might {unknown}
 B - a potion of degeneration {unknown}
 D - a potion of curing
Comestibles
 d - 4 bread rations
 f - 2 meat rations
 k - 10 fruits


   Skills:
 + Level 3.8 Fighting
 + Level 1.3 Short Blades
 + Level 1.5 Slings
 + Level 5.5 Crossbows
 + Level 2.2 Dodging
 + Level 1.0 Stealth


You had 5 spell levels left.
You didn't know any spells.

Dungeon Overview and Level Annotations

Branches:
Dungeon (5/15)
 Temple: D:4-7

Altars:
Elyvilon
Fedhas
Kikubaaqudgha
Trog
Vehumet


Innate Abilities, Weirdness & Mutations

Your plain brown scales are hard. (AC +6)
You cannot fit into any form of body armour.
You are cold-blooded and may be slowed by cold attacks.
You have very sharp teeth.
Your skin changes colour to match your surroundings (Stealth+).
Your mind is acute. (Int +2)
You are resistant to electric shocks. (rElec)


Message History

The centaur shoots an arrow.
The arrow hits you.
The centaur unwields an uncursed shortbow.
The centaur closely misses you.
You see here a sling bullet.
You barely miss the centaur.
The centaur is heavily wounded.
The centaur hits you. The centaur hits you!
You barely miss the centaur.
The centaur is heavily wounded.
The centaur hits you. x2
It was a potion of curing.
You feel better.
The centaur hits you but does no damage.
The centaur hits you.
The centaur wields an uncursed shortbow.
The centaur shoots an arrow.
The arrow hits you!
* * * LOW HITPOINT WARNING * * *
You see here an arrow.
You are feeling very hungry.
The centaur shoots an arrow.
The arrow hits you!
You die...

#######
#+#####^#
#(..(%..#
#..._.(.#
#...(.#
#..(####
#.#((c..##
#####@)###
##[).#
###.# .#
$# .# .#
.# .#


You could see a centaur.

Vanquished Creatures
  A hound (D:4)
  A jelly (D:3)
  An orc priest (D:4)
  Jessica (D:3)
  A worker ant (D:4)
  An orc wizard (D:5)
  4 adders
  An ooze (D:2)
  3 worms
  4 dart slugs
  A leopard gecko (D:2)
  8 orcs
  2 ball pythons
  7 bats
  7 giant cockroaches
  2 goblins (D:3)
  5 hobgoblins
  7 jackals (D:2)
  A quokka (D:3)
  5 frilled lizards
  12 kobolds
  A leopard gecko zombie (D:3)
  7 rats
83 creatures vanquished.

Notes
Turn   | Place    | Note
-------+----------+-------------------------------------------
     0 | D:1      | Internecine the Draconian Hunter began the quest for the Orb.
     0 | D:1      | Reached XP level 1. HP: 17/17 MP: 1/1
    42 | D:1      | Reached XP level 2. HP: 14/25 MP: 2/2
    85 | D:1      | Reached skill level 4 in Crossbows
   695 | D:2      | Found a radiant altar of Vehumet.
   968 | D:2      | Reached XP level 3. HP: 30/30 MP: 3/3
  1285 | D:2      | Found a white marble altar of Elyvilon.
  1564 | D:3      | Noticed Jessica
  1581 | D:3      | Killed Jessica
  1581 | D:3      | Reached XP level 4. HP: 24/37 MP: 4/4
  1672 | D:3      | Reached skill level 1 in Slings
  1816 | D:3      | Reached skill level 5 in Crossbows
  1933 | D:3      | Reached XP level 5. HP: 45/45 MP: 5/5
  2243 | D:3      | Found a blossoming altar of Fedhas.
  2572 | D:4      | Reached skill level 1 in Short Blades
  2967 | D:4      | Reached skill level 1 in Stealth
  3223 | D:4      | Reached XP level 6. HP: 44/52 MP: 6/6
  3228 | D:4      | Found an ancient bone altar of Kikubaaqudgha.
  3285 | D:5      | Entered Level 5 of the Dungeon
  3298 | D:5      | Gained mutation: Your skin changes colour to match your surroundings (Stealth+). [potion of mutation]
  3298 | D:5      | Gained mutation: You are resistant to electric shocks. (rElec) [potion of mutation]
  3298 | D:5      | Gained mutation: Your mind is acute. (Int +2) [potion of mutation]
  3298 | D:5      | Gained mutation: You have very sharp teeth. [potion of mutation]
  3490 | D:5      | Found a bloodstained altar of Trog.
  3505 | D:5      | Shot with an arrow by a centaur

Skill      XL: |  1  2  3  4  5 |
---------------+----------------+-----
Crossbows      | 4 5 |  5.5
Dodging        | 2 |  2.2
Slings         | 1 |  1.5
Fighting       | 3 |  3.8
Short Blades   | 1 |  1.3
Stealth        | 1 |  1.0

Action                   |  1- 3 |  4- 6 || total
-------------------------+-------+-------++-------
Melee: Short sword       |    11 |    67 ||    78
       Tailslap          |     2 |    10 ||    12
       Flail             |       |    10 ||    10
 Fire: Hand crossbow     |   116 |    47 ||   163
       Hunting sling     |    14 |    31 ||    45
Throw: Stone             |     2 |     7 ||     9
  Use: Scroll            |       |     6 ||     6
       Potion            |       |     4 ||     4
  Eat: Chunk             |     2 |     5 ||     7
Armor: Skin              |    34 |    40 ||    74
Dodge: Dodged            |    60 |    64 ||   124
